 Dungeon Crawl Stone Soup version 0.22.1-1-ga44c0e5 (webtiles) character file.

836 Lavandula the Chopper (level 7, -4/57 HPs)
             Began as a Centaur Berserker on Oct 29, 2018.
             Was a Priest of Trog.
             Slain by an ogre
             ... wielding a +0 giant club
              (12 damage)
             ... on level 7 of the Dungeon.
             The game lasted 00:11:10 (2367 turns).

Lavandula the Chopper (Centaur Berserker)           Turns: 2367, Time: 00:11:11

Health: -4/57      AC:  5    Str: 22    XL:     7   Next: 66%
Magic:  7/7        EV:  9    Int:  6    God:    Trog [***...]
Gold:   379        SH:  0    Dex:  8    Spells: 6/6 levels left

rFire    + . .     SeeInvis .   m - +1 war axe
rCold    . . .     Gourm    .   (no shield)
rNeg     . . .     Faith    .   n - +0 ring mail {rF+}
rPois    .         Spirit   .   (no helmet)
rElec    .         Reflect  .   (no cloak)
rCorr    .         Harm     .   (no gloves)
MR       .....                  (no barding)
Stlth    ..........             (no amulet)
HPRegen  0.19/turn              (no ring)
MPRegen  0.10/turn              (no ring)

@: berserk cooldown, slowed
A: large, hooves 3, deformed body, speed 2, tough skin 3
a: Berserk, Trog's Hand, Renounce Religion


You were on level 7 of the Dungeon.
You worshipped Trog.
Trog was most pleased with you.
You were not hungry.

You visited 1 branch of the dungeon, and saw 7 of its levels.
You also visited: Ossuary.

You collected 379 gold pieces.

Inventory:

Hand Weapons
 a - a +0 hand axe
 g - a +0 trident
 m - a +1 war axe (weapon)
 t - a +0 hunting sling
 u - a +0 spear
Missiles
 i - 61 sling bullets
 k - 54 stones (quivered)
Armour
 b - a +0 animal skin
 e - a +0 ring mail
 n - a +0 ring mail of fire resistance (worn)
Magical Staves
 j - an uncursed staff of air {unknown}
Wands
 C - a wand of disintegration (8)
Scrolls
 d - 2 scrolls of teleportation
 q - 2 scrolls of remove curse
 s - a scroll of enchant armour {unknown}
 y - a scroll of torment {unknown}
Potions
 h - a potion of mutation {unknown}
 l - 5 potions of curing {unknown}
 o - 2 potions of heal wounds {unknown}
 p - a potion of haste {unknown}
 r - 2 potions of lignification {unknown}
 v - 2 potions of degeneration {unknown}
 w - 2 potions of agility {unknown}
 x - 3 potions of brilliance {unknown}
 z - a potion of magic {unknown}
 A - a potion of might {unknown}
 B - a potion of invisibility {unknown}
Comestibles
 c - 5 rations


   Skills:
 - Level 3.0 Fighting
 + Level 7.7 Axes
 - Level 3.8 Throwing
 - Level 1.3 Armour
 - Level 1.3 Dodging


You had 6 spell levels left.
You didn't know any spells.
Your spell library contained the following spells:

 Spells                   Type           Power        Failure   Level  Hunger
 Animate Skeleton         Necr           N/A          63%         1    ##.....
 Freeze                   Ice            #...         63%         1    ##.....
 Pain                     Necr           #...         63%         1    ##.....
 Throw Frost              Conj/Ice       #.....       77%         2    ###....
 Ozocubu's Armour         Chrm/Ice       #.......     94%         3    ####...
 Regeneration             Chrm/Necr      #.........   94%         3    ####...
 Vampiric Draining        Necr           #.........   94%         3    ####...
 Animate Dead             Necr           N/A          100%        4    #####..
 Summon Ice Beast         Ice/Summ       #.......     100%        4    #####..
 Throw Icicle             Conj/Ice       #.......     100%        4    #####..


Dungeon Overview and Level Annotations

Branches:
Dungeon (7/15)
 Temple: D:4-7

Altars:
Cheibriados

Shops:
D:4 }


Innate Abilities, Weirdness & Mutations

You have hooves in place of feet.
Armour fits poorly on your strangely shaped body.
You cover ground very quickly.
You have extremely tough skin. (AC +3)


Message History

As you read the scroll of fog, it crumbles to dust.
The scroll dissolves into smoke.
The gnoll sergeant hits you with a spear!
The ogre hits you with a giant club!
Unknown command.
Unknown command.
You feel sick.
The gnoll sergeant hits you with a spear!
* * * LOW HITPOINT WARNING * * *
The gnoll sergeant hits you from afar with a spear.
* * * LOW HITPOINT WARNING * * *
You are no longer corroded.
You feel sick.
You feel sick.
You are no longer poisoned.
Okay, then.
You hear a distant blaring wail to the north.
A giant cockroach comes into view.
The ogre hits you with a giant club!
You die...

#.# . ###. #.# #s ...
#.##### #..##.##.##..
#..#...#.##.#
...#.#.$##.#########§#
#........g..<)†§§§§g§§§
#...#.#..#.†#######§###
#.....@O.#..# ##§#
#........#..######§§§#
##..#.....g...g.gg.§§.#
#. ####...........§§##
# ....#.########.##
#####.# .# #.# .# .. .#
## ..


You could see an ogre, a gnoll sergeant, a gnoll and a giant cockroach.

Vanquished Creatures
  2 phantoms
  A necrophage (D:5)
  3 howler monkeys (D:7)
  A bullfrog skeleton (D:4)
  A jelly (D:7)
  An orc wizard (D:6)
  An orc priest (D:3)
  A hound (D:7)
  3 worker ants
  2 hound skeletons
  9 mummies
  2 adders
  2 oozes
  3 worms
  2 leopard geckos
  13 orcs
  2 ball pythons
  A bat (D:2)
  3 giant cockroaches
  A gnoll zombie (Ossuary)
  2 goblins (D:3)
  2 hobgoblins (D:2)
  3 jackals
  3 kobolds
  2 quokkas
  A ball python skeleton (D:5)
  2 frilled lizards
  A goblin zombie (D:6)
  6 hobgoblin zombies
  A kobold zombie (Ossuary)
  An orc zombie (Ossuary)
  A quokka skeleton (D:4)
  3 rats
82 creatures vanquished.

Notes
Turn   | Place    | Note
-------+----------+-------------------------------------------
     0 | D:1      | Lavandula the Centaur Berserker began the quest for the
                  | Orb.
     0 | D:1      | Reached XP level 1. HP: 19/19 MP: 1/1
   115 | D:2      | Reached skill level 3 in Axes
   120 | D:2      | Reached XP level 2. HP: 22/26 MP: 2/2
   353 | D:4      | Noticed a phantom
   388 | D:5      | Entered Level 5 of the Dungeon
   483 | D:5      | Noticed a wraith
   625 | D:5      | Reached skill level 1 in Throwing
   625 | D:5      | Reached XP level 3. HP: 21/31 MP: 3/3
   642 | D:5      | Noticed a necrophage
   703 | D:5      | Killed a necrophage
   703 | D:5      | Reached XP level 4. HP: 25/38 MP: 4/4
   806 | D:4      | Found Rublas's Gadget Shop.
   815 | D:4      | Reached XP level 5. HP: 39/45 MP: 5/5
   816 | D:4      | Reached skill level 4 in Axes
   869 | D:4      | Found a snail-covered altar of Cheibriados.
   881 | D:4      | Reached ** piety under Trog
  1130 | D:4      | Killed a phantom
  1130 | D:4      | Reached skill level 5 in Axes
  1260 | D:4      | Reached XP level 6. HP: 37/51 MP: 6/6
  1728 | D:6      | Reached skill level 6 in Axes
  1785 | D:6      | Found a sand-covered staircase.
  1860 | Ossuary  | Entered an ossuary
  1952 | Ossuary  | Reached XP level 7. HP: 57/57 MP: 7/7
  2331 | D:7      | Reached skill level 7 in Axes
  2340 | D:7      | Reached *** piety under Trog
  2367 | D:7      | Slain by an ogre

Skill      XL: |  1  2  3  4  5  6  7 |
---------------+----------------------+-----
Axes           | 3 5 6 7 |  7.7
Throwing       | 1 3 |  3.8
Fighting       | |  3.0
Armour         | |  1.3
Dodging        | |  1.3

Action                   |  1- 3 |  4- 6 |  7- 9 || total
-------------------------+-------+-------+-------++-------
Melee: Hand axe          |    46 |       |       ||    46
       Kick              |    12 |    16 |     8 ||    36
       Trident           |    27 |    14 |       ||    41
       War axe           |       |   108 |    21 ||   129
 Fire: Hunting sling     |       |    17 |    28 ||    45
Throw: Stone             |     9 |    38 |       ||    47
Invok: Berserk           |     1 |     7 |     1 ||     9
       Trog's Hand       |       |     1 |       ||     1
  Use: Scroll            |       |     5 |     1 ||     6
  Eat: Chunk             |       |     9 |       ||     9
       Ration            |       |       |     1 ||     1
Armor: Ring mail         |    28 |    41 |     1 ||    70
Dodge: Dodged            |    25 |    43 |    10 ||    78
